 Dungeon Crawl Stone Soup version 0.18.1-50-g88ac8fd (webtiles) character file.

72 Dioneo the Conjurer (level 4, 0/33 HPs)
             Began as a Draconian Conjurer on Oct 26, 2016.
             Slain by a hobgoblin (2 damage)
             ... on level 3 of the Dungeon.
             The game lasted 00:06:08 (2704 turns).

Dioneo the Conjurer (Draconian Conjurer)            Turns: 2704, Time: 00:06:09

Health: 0/33       AC:  6    Str: 10    XL:     4   Next: 6%
Magic:  1/8        EV: 12    Int: 16    God:
Gold:   117        SH:  0    Dex: 12    Spells: 3 memorised, 1 level left

rFire  . . .     SeeInvis .     d - +0 dagger
rCold  . . .     Gourm    .     (armour unavailable)
rNeg   . . .     Faith    .     (no shield)
rPois  .         Spirit   .     (helmet restricted)
rElec  .         Dismiss  .     (no cloak)
rCorr  .         Reflect  .     (no gloves)
SustAt .         Harm     .     h - +0 pair of boots
MR     .....                    (no amulet)
Stlth  ++........               (no ring)
                                (no ring)

@: not resistant to hostile enchantments, unstealthy
A: unfitting armour, cold-blooded, AC +5
a: no special abilities


You were on level 3 of the Dungeon.
You were not hungry.

You visited 1 branch of the dungeon, and saw 3 of its levels.

You collected 117 gold pieces.

Inventory:

Hand Weapons
 d - a +0 dagger (weapon)
Armour
 h - a +0 pair of boots (worn)
Jewellery
 m - an uncursed ring of sustain attributes {unknown}
Scrolls
 e - a scroll of remove curse
 f - a scroll of magic mapping {unknown}
 g - a scroll of enchant weapon {unknown}
 j - a scroll of amnesia {unknown}
 l - a scroll of enchant armour {unknown}
 n - a scroll of noise {unknown}
Potions
 c - a potion of cure mutation
Books
 a - a book of Conjurations

   Spells                             Type                      Level
   a - Magic Dart                     Conjuration                  1
   b - Searing Ray                    Conjuration                  2
   c - Dazzling Spray                 Conjuration/Hexes            3
   d - Fulminant Prism                Conjuration/Hexes            4
   e - Iskenderun's Mystic Blast      Conjuration                  4
   f - Iskenderun's Battlesphere      Conjuration/Charms           5
Comestibles
 b - a bread ration
 i - a beef jerky


   Skills:
 - Level 1.7 Dodging
 - Level 1.7 Stealth
 + Level 2.7 Spellcasting
 * Level 5.2 Conjurations


You had one spell level left.
You knew the following spells:

 Your Spells              Type           Power        Failure   Level  Hunger
a - Magic Dart            Conj           ###.         2%          1    #......
b - Searing Ray           Conj           ###...       4%          2    ##.....
c - Iskenderun's Mystic   Conj           ###.....     28%         4    #####..


Dungeon Overview and Level Annotations

Branches:
Dungeon (3/15)

Altars:
Yredelemnul

Annotations:
D:3 Grinder


Innate Abilities, Weirdness & Mutations

Your plain brown scales are hard (AC +5).
Your body does not fit into most forms of armour.
You are cold-blooded and may be slowed by cold attacks.


Message History

The slug dart hits you!
* * * LOW HITPOINT WARNING * * *
You can move again.
Casting: Magic Dart
Confirm with . or Enter, or press ? or * to list all spells.
You don't know that spell.
You barely miss the hobgoblin. You tail-slap the hobgoblin.
The hobgoblin is moderately wounded.
The hobgoblin hits you.
* * * LOW HITPOINT WARNING * * *
You closely miss the hobgoblin.
Your tail-slap misses the hobgoblin.
The hobgoblin is moderately wounded.
The hobgoblin hits you.
* * * LOW HITPOINT WARNING * * *
The dart slug barely misses you.
You hit the hobgoblin but do no damage.
You tail-slap the hobgoblin, but do no damage.
The hobgoblin is moderately wounded.
The hobgoblin hits you.
You die...

....### #.#
.###.#### .......
#<# ..# ♣.
..#.###
######.#####'## ♣
#.#...
................
.......
.#######.......#
#####.. #.......#
#.......#
#.#######5#####..
# #.....g@w.# .
......##### .....
.... ... .. $


You could see Grinder, a dart slug and a hobgoblin.

Vanquished Creatures
  An adder (D:2)
  A worm (D:2)
  2 dart slugs
  2 giant geckos
  An orc (D:3)
  2 giant cockroaches
  10 goblins
  6 hobgoblins
  3 jackals (D:1)
  7 kobolds
  2 ball pythons
  6 bats
  3 giant newts (D:1)
  5 rats
51 creatures vanquished.

Notes
Turn   | Place    | Note
--------------------------------------------------------------
     0 | D:1      | Dioneo the Draconian Conjurer began the quest for the Orb.
     0 | D:1      | Reached XP level 1. HP: 14/14 MP: 3/3
   302 | D:1      | Reached XP level 2. HP: 20/20 MP: 1/5
   349 | D:1      | Learned a level 2 spell: Searing Ray
  1025 | D:1      | Reached XP level 3. HP: 11/26 MP: 3/6
  1953 | D:2      | Reached skill level 5 in Conjurations
  2328 | D:2      | Found a basalt altar of Yredelemnul.
  2412 | D:2      | Reached XP level 4. HP: 33/33 MP: 3/8
  2497 | D:2      | Learned a level 4 spell: Iskenderun's Mystic Blast
  2500 | D:3      | Noticed Grinder
  2697 | D:3      | Paralysed by Grinder for 5 turns
  2704 | D:3      | Slain by a hobgoblin

Skill      XL: |  1  2  3 |
---------------+----------+-----
Conjurations   | 5 |  5.2
Dodging        | |  1.7
Stealth        | |  1.7
Spellcasting   | |  2.7

Action                   |  1- 3 |  4- 6 || total
-------------------------+-------+-------++-------
Melee: Unarmed           |    14 |       ||    14
       Dagger            |    61 |     4 ||    65
       Tailslap          |     5 |     2 ||     7
 Cast: Magic Dart        |    50 |     5 ||    55
       Searing Ray       |     3 |     2 ||     5
  Use: Scroll            |     2 |       ||     2
 Stab: Sleeping          |     3 |       ||     3
  Eat: Chunk             |     5 |     1 ||     6
Armor: Skin              |    28 |     3 ||    31
Dodge: Dodged            |    42 |     5 ||    47
